 Dungeon Crawl Stone Soup version 0.22-a0-348-gd16d139 (webtiles) character file.

7899 mhoghedin the Thaumaturge (level 11, 0/54 HPs)
             Began as a Spriggan Venom Mage on Apr 7, 2018.
             Was a Believer of Sif Muna.
             Slain by a spiny frog (54 damage)
             ... on level 1 of the Lair of Beasts.
             The game lasted 00:32:25 (13465 turns).

mhoghedin the Thaumaturge (Spriggan Venom Mage)    Turns: 13465, Time: 00:32:26

Health: 0/54       AC:  6    Str:  4    XL:     11   Next: 2%
Magic:  9/25       EV: 26    Int: 23    God:    Sif Muna [**....]
Gold:   283        SH:  0    Dex: 21    Spells: 3/29 levels left

rFire    . . .     SeeInvis +     - Unarmed
rCold    + . .     Gourm    .   (shield currently unavailable)
rNeg     . . .     Faith    .   D - +2 robe {MR+}
rPois    .         Spirit   .   h - +0 hat of the Evil One {rC+ MR+ Int+3 Dex+4}
rElec    .         Reflect  .   z - +1 cloak {+Inv}
rCorr    .         Harm     .   (gloves unavailable)
MR       +++..                  (boots unavailable)
Stlth    +++.......             q - amulet of the acrobat
HPRegen  0.18/turn              (no ring)
MPRegen  0.19/turn              (no ring)

@: blade hands, sleeping, divine energy, very quick
A: very small, unfitting armour, see invisible, herbivore, speed 3, slow
metabolism 2
a: End Transformation, Stop Divine Energy, Renounce Religion, Evoke Invisibility


You were on level 1 of the Lair of Beasts.
You worshipped Sif Muna.
Sif Muna was pleased with you.
You were very hungry.
You had blades for hands.
You visited 3 branches of the dungeon, and saw 10 of its levels.

You collected 420 gold pieces.
You spent 137 gold pieces at shops.

Inventory:

Hand Weapons
 a - a +4 arbalest of velocity (melded)
   (You bought it in a shop on level 5 of the Dungeon)
 b - a +1 whip of holy wrath
   (You took it off an orc on level 4 of the Dungeon)
Missiles
 r - 28 bolts
 x - 2 throwing nets {=f, !d}
 y - 58 arrows
Armour
 h - the +0 hat of the Evil One (worn) {rC+ MR+ Int+3 Dex+4}
   (You acquired it on level 6 of the Dungeon)

   It affects your intelligence (+3).
   It affects your dexterity (+4).
   It protects you from cold.
   It affects your resistance to hostile enchantments.
 z - a +1 cloak of invisibility (worn)
   (You took it off Crazy Yiuf on level 7 of the Dungeon)
 D - a +2 robe of magic resistance (worn)
   (You took it off Psyche on level 8 of the Dungeon)
Jewellery
 q - an amulet of the acrobat (around neck)
   (You took it off an orc wizard on level 8 of the Dungeon)
Wands
 i - a wand of polymorph (40)
   (You found it on level 2 of the Dungeon)
 m - a wand of random effects (22)
   (You took it off Natasha on level 3 of the Dungeon)
 w - a wand of acid (9)
   (You found it on level 8 of the Dungeon)
 B - a wand of paralysis (14)
   (You took it off Psyche on level 8 of the Dungeon)
 E - a wand of flame (26)
   (You found it on level 1 of the Lair of Beasts)
Scrolls
 l - 2 scrolls of teleportation
 n - a scroll of magic mapping {!r}
 o - 2 scrolls of blinking {!r}
 t - a scroll of random uselessness
 u - 3 scrolls of amnesia
 v - 2 scrolls of identify
 A - a scroll of remove curse
 C - a scroll of immolation {unknown}
Potions
 d - 2 potions of curing
 e - 4 potions of heal wounds
 f - 4 potions of might {unknown}
 g - 3 potions of brilliance {unknown}
 j - 2 potions of haste {unknown}
 k - 2 potions of resistance {unknown}
 p - a potion of berserk rage {unknown}
 s - a potion of cancellation {unknown}
Comestibles
 c - 10 rations


   Skills:
 - Level 4.5 Fighting
 - Level 5.5 Crossbows
 - Level 8.7 Dodging
 - Level 3.0 Stealth
 - Level 6.5 Unarmed Combat
 + Level 9.6 Spellcasting
 - Level 0.6 Conjurations
 + Level 7.9 Transmutations
 - Level 6.4 Poison Magic
 - Level 1.1 Invocations


You had 3 spell levels left.
You knew the following spells:

 Your Spells              Type           Power        Failure   Level  Hunger
a - Sting                 Conj/Pois      ####         17%         1    None
b - Poisonous Vapours     Pois/Air       ####..       22%         2    None
c - Olgreb's Toxic Radia  Pois           #####...     30%         4    ##.....
d - Venom Bolt            Conj/Pois      ####......   78%         5    ####...
e - Blade Hands           Tmut           #####.....   36%         5    ####...
f - Ice Form              Ice/Tmut       ####....     47%         4    ##.....
s - Sticks to Snakes      Tmut           #####...     10%         2    None
x - Mephitic Cloud        Conj/Pois/Air  ###.....     38%         3    None


Dungeon Overview and Level Annotations

Branches:
Dungeon (8/15)             Temple (1/1) D:6            Lair (1/6) D:8

Altars:
Ashenzari
Cheibriados
Dithmenos
Fedhas
Gozag
Hepliaklqana
Kikubaaqudgha
Makhleb
Okawaru
Qazlal
Ru
Sif Muna
Trog
Uskayaw
Vehumet
Wu Jian
Xom
Yredelemnul
Zin
The Shining One

Shops:
D:5 ?%:([   D:6 (

Annotations:
D:3 2 transporters


Innate Abilities, Weirdness & Mutations

You are very small and have problems with some larger weapons.
You are too small for most types of armour.
You have supernaturally acute eyesight. (SInv)
You are a herbivore.
You cover ground extremely quickly.
You need to consume almost no food.


Message History

You take 17 damage, and have 22/51 hp.
MASSIVE DAMAGE!!
Casting: Sticks to Snakes (safe; 1% risk of failure)
Your hands turn into razor-sharp scythe blades.
Your +4 arbalest of velocity melds into your body.
The hippogriff completely misses you. The hippogriff misses you.
The hippogriff completely misses you.
You now have 19/24 mp.
You slash the hippogriff! You slash the hippogriff!
The hippogriff completely misses you. The hippogriff barely misses you.
The hippogriff completely misses you.
You slash the hippogriff!
You kill the hippogriff!
Sif Muna accepts your kill. The water moccasin barely misses you.
The water moccasin completely misses you.
You slash the water moccasin!
The water moccasin completely misses you.
You barely miss the water moccasin. The water moccasin closely misses you.
You slash the water moccasin!
You kill the water moccasin!
Sif Muna accepts your kill.
You have reached level 11!
You regained 2 hp, and now have 25/54 hp.
r - 25 bolts (gained 2)
You see here a hippogriff corpse.
r - 26 bolts (gained 1)
E - a wand of flame (26)
r - 27 bolts (gained 1)
Your transformation is almost over.
r - 28 bolts (gained 1)
You start resting.
Your hands revert to their normal proportions.
Your +4 arbalest of velocity unmelds from your body.
You regained 2 mp, and now have 24/25 mp.
Unknown command.
You start resting.
You are feeling very hungry.
You regained 12 hp, and now have 40/54 hp.
MP restored: 25 Unknown command.
Okay, then.
Unknown command.
Okay, then.
Unknown command.
Unknown command.
Unknown command.
Okay, then.
Unknown command.
You now have 283 gold pieces (gained 21).
Found a stone staircase leading down.
You start resting.
Unknown command.
Health restored: 54 Unknown command. 2 dream sheep come into view.
Found a stone staircase leading down.
There are monsters nearby!
The dream sheep bleats!
A spiny frog comes into view.
The dream sheep ruffle their wool and motes of dream dust sparkle, to no effect.
You begin to radiate toxic energy.
The spiny frog croaks.
The dream sheep is poisoned. x2
You hear a bleat! x2
The dream sheep shake their wool and sparkle.
You feel drowsy...
You fall asleep.
The dream sheep looks even sicker. x2
A dream sheep comes into view.
The dream sheep bleats!
The dream sheep is poisoned.
The dream sheep looks even sicker.
The dream sheep looks even sicker. x2
Your toxic aura wanes.
The dream sheep barely misses you.
You wake up.
You now have 22/25 mp.
You begin to radiate toxic energy.
The dream sheep looks even sicker.
The spiny frog misses you.
A dream sheep comes into view.
You now have 18/25 mp.
The dream sheep looks even sicker.
The dream sheep looks as sick as possible! x2
The dream sheep looks as sick as possible! x2
The dream sheep looks as sick as possible! x2
Your toxic aura wanes.
There is a stone staircase leading down here.
You miscast Blade Hands.
Sif Muna protects you from the effects of your miscast!
You now have 14/25 mp.
Your hands turn into razor-sharp scythe blades.
Your +4 arbalest of velocity melds into your body.
You kill the dream sheep!
Sif Muna accepts your kill. The spiny frog completely misses you.
You now have 9/25 mp.
You barely miss the spiny frog. The spiny frog barely misses you.
The dream sheep shake their wool and sparkle.
You feel drowsy...
You fall asleep.
The spiny frog stings you!!!
Ouch! That really hurt!
You die...

..................
.........#.#.#.#.#
........Y.........
..................
..................
...#####..####.#..
...####.YY.# ## .
....P#.#.F.#
.........@.#
......##..## ..
..........# .
....###.......# ... #.
.8..###..#...##..... ..
.....##.##..........
#.###....#.....##......
....##.........#.......
......#...8...#........


You could see a spiny frog and 3 dream sheep.

Vanquished Creatures
  A hydra (Lair:1)
  A two-headed ogre (D:8)
  The ghost of RoseArtemis the Cleaver, a novice MiFi of Okawaru (D:6)
  Psyche (D:8)
  2 hornets
  A blink frog (Lair:1)
  2 hippogriffs (Lair:1)
  A dream sheep (Lair:1)
  3 yaks (D:8)
  Grum (D:8)
  A hungry ghost (D:7)
  A water moccasin (Lair:1)
  2 porcupines (Lair:1)
  Duvessa (D:6)
  A black bear (D:8)
  2 orc warriors
  A sky beast (D:7)
  A phantom (D:7)
  2 ice beasts
  4 ogres
  5 centaurs
  4 wolves (D:8)
  A crocodile (Lair:1)
  A big kobold (D:7)
  7 bullfrogs
  7 scorpions
  Dowan (D:6)
  A howler monkey (D:8)
  A vampire bat (D:4)
  4 crimson imps
  A quasit (D:8)
  A hound (D:7)
  A jelly (D:8)
  Crazy Yiuf (D:7)
  6 orc wizards
  2 bullfrog skeletons (D:4)
  3 orc priests
  A centaur skeleton (D:4)
  3 iguanas
  Natasha (thrice) (D:3)
  3 worker ants
  A worker ant zombie (D:5)
  6 gnolls
  A howler monkey skeleton (D:6)
  A river rat (D:4)
  10 adders
  2 white imps (D:8)
  An ufetubus (D:8)
  An ooze (D:7)
  3 adder skeletons
  An adder zombie (D:7)
  3 worms
  3 dart slugs
  An adder simulacrum (D:8)
  7 leopard geckos
  30 orcs
  5 giant cockroaches
  7 goblins
  6 hobgoblins
  A quokka (D:4)
  21 bats
  4 frilled lizards
  12 kobolds
  A leopard gecko simulacrum (D:8)
  A leopard gecko zombie (D:5)
  A quokka simulacrum (D:8)
  A quokka skeleton (D:8)
  9 rats
227 creatures vanquished.

Vanquished Creatures (collateral kills)
  An ice beast (D:8)
  A wolf (D:8)
2 creatures vanquished.

Grand Total: 229 creatures vanquished

Notes
Turn   | Place    | Note
-------+----------+-------------------------------------------
     0 | D:1      | mhoghedin the Spriggan Venom Mage began the quest for the Orb.
     0 | D:1      | Reached XP level 1. HP: 9/9 MP: 5/5
   281 | D:1      | Reached skill level 3 in Spellcasting
   321 | D:1      | Reached XP level 2. HP: 13/13 MP: 0/7
   325 | D:1      | Learned a level 2 spell: Poisonous Vapours
  1470 | D:2      | Reached XP level 3. HP: 16/16 MP: 6/9
  1562 | D:2      | Reached skill level 4 in Spellcasting
  1717 | D:2      | Reached skill level 4 in Poison Magic
  1721 | D:2      | HP: 4/16 [poisoned by an adder]
  1728 | D:2      | HP: 3/16 [poisoned by an adder]
  2042 | D:2      | Reached XP level 4. HP: 20/21 MP: 4/11
  2101 | D:2      | Learned a level 3 spell: Mephitic Cloud
  2106 | D:2      | Learned a level 4 spell: Olgreb's Toxic Radiance
  2122 | D:2      | Found a bloodstained altar of Trog.
  2625 | D:3      | Found a transporter.
  2721 | D:3      | Noticed a kobold demonologist
  2728 | D:3      | Found a transporter.
  2739 | D:3      | Noticed Natasha
  2749 | D:3      | Killed Natasha
  2766 | D:3      | Noticed Natasha
  2768 | D:3      | Killed Natasha
  2768 | D:3      | Reached XP level 5. HP: 24/24 MP: 1/13
  2909 | D:3      | Reached skill level 5 in Spellcasting
  2988 | D:3      | Noticed Natasha
  2991 | D:3      | Killed Natasha
  3164 | D:3      | Reached skill level 5 in Poison Magic
  3983 | D:4      | Reached XP level 6. HP: 13/28 MP: 4/15
  4127 | D:4      | HP: 6/28 [bullfrog skeleton (4)]
  4128 | D:4      | Reached skill level 6 in Spellcasting
  4160 | D:4      | Learned a level 5 spell: Venom Bolt
  4864 | D:4      | Reached skill level 6 in Poison Magic
  5056 | D:4      | Reached XP level 7. HP: 32/32 MP: 13/18
  5382 | D:4      | Reached skill level 7 in Spellcasting
  5644 | D:5      | Entered Level 5 of the Dungeon
  5668 | D:5      | Found Zeawacleumm's Weapon Boutique.
  5676 | D:5      | Bought a +1 arbalest of velocity for 137 gold pieces
  6001 | D:5      | Reached skill level 1 in Crossbows
  6025 | D:5      | Reached skill level 1 in Fighting
  6183 | D:5      | Found Ymigoh's Food Emporium.
  6198 | D:5      | Reached skill level 4 in Dodging
  6260 | D:5      | Found Visiha's Book Shop.
  6378 | D:5      | Reached skill level 2 in Crossbows
  6641 | D:5      | Found Kugewki's Armour Shop.
  6762 | D:5      | Found Befem's Magic Scroll Shoppe.
  6776 | D:5      | Reached skill level 2 in Fighting
  6923 | D:6      | Noticed Dowan
  6925 | D:6      | Noticed Duvessa
  6936 | D:6      | Killed Dowan
  6936 | D:6      | Reached skill level 5 in Dodging
  6939 | D:6      | Killed Duvessa
  6939 | D:6      | Reached XP level 8. HP: 39/39 MP: 5/19
  7002 | D:6      | Reached skill level 3 in Crossbows
  7159 | D:6      | Noticed RoseArtemis's ghost (novice MiFi)
  7325 | D:6      | Killed RoseArtemis's ghost
  7325 | D:6      | Reached skill level 3 in Fighting
  7325 | D:6      | Reached skill level 4 in Crossbows
  7325 | D:6      | Reached skill level 7 in Dodging
  7602 | D:6      | Found a radiant altar of Vehumet.
  7853 | D:6      | Found a staircase to the Ecumenical Temple.
  7864 | Temple   | Entered the Ecumenical Temple
  8162 | Temple   | Became a worshipper of Sif Muna the Loreminder
  8244 | D:6      | Reached skill level 4 in Fighting
  8269 | D:6      | Found a shattered altar of Ashenzari.
  8274 | D:6      | Found a bloodstained altar of Trog.
  8323 | D:6      | Found Biufub's Antique Weapon Shoppe.
  8355 | D:6      | Reached XP level 9. HP: 44/45 MP: 20/20
  8356 | D:6      | Reached skill level 5 in Crossbows
  8356 | D:6      | Reached skill level 8 in Dodging
  8642 | D:6      | Identified a scroll of acquirement
  8645 | D:6      | Got a slimy hat
  8651 | D:6      | Identified the +0 hat of the Evil One {rC+ MR+ Int+3 Dex+4} (You acquired it on level 6 of the Dungeon)
  9128 | D:7      | Reached skill level 1 in Invocations
  9215 | D:7      | Reached skill level 8 in Spellcasting
  9232 | D:7      | Learned a level 5 spell: Blade Hands
  9338 | D:7      | Reached skill level 2 in Transmutations
  9348 | D:7      | Reached * piety under Sif Muna
  9348 | D:7      | Reached skill level 3 in Transmutations
  9541 | D:7      | Reached skill level 4 in Transmutations
  9732 | D:7      | Reached skill level 5 in Transmutations
 10011 | D:7      | Found the +7 Singing Sword
 10048 | D:7      | Found a runed door.
 10279 | D:6      | Learned a level 2 spell: Sticks to Snakes
 10662 | D:7      | Noticed Crazy Yiuf
 10669 | D:7      | Killed Crazy Yiuf
 10723 | D:8      | Noticed Psyche
 10726 | D:8      | Reached skill level 6 in Transmutations
 10747 | D:8      | Reached skill level 1 in Unarmed Combat
 10765 | D:8      | Killed Psyche
 10765 | D:8      | Reached skill level 2 in Unarmed Combat
 10765 | D:8      | Reached XP level 10. HP: 24/51 MP: 6/23
 10973 | D:8      | Paralysed by a hornet for 2 turns
 10980 | D:8      | Reached skill level 3 in Unarmed Combat
 10987 | D:7      | HP: 12/51 [poisoned by a hornet]
 10992 | D:7      | HP: 10/51 [poisoned by a hornet]
 10997 | D:7      | HP: 9/51 [poisoned by a hornet]
 11004 | D:7      | HP: 8/51 [poisoned by a hornet]
 11012 | D:7      | HP: 7/51 [poisoned by a hornet]
 11309 | D:8      | HP: 12/51 [white imp (1)]
 11504 | D:8      | Found a staircase to the Lair.
 11731 | D:8      | Noticed a two-headed ogre
 11771 | D:8      | Reached skill level 4 in Unarmed Combat
 11810 | D:8      | Killed a two-headed ogre
 11810 | D:8      | Reached skill level 5 in Unarmed Combat
 11969 | D:8      | HP: 6/51 [gnoll/halberd of venom (17)]
 12090 | D:8      | Reached skill level 6 in Unarmed Combat
 12100 | D:8      | Noticed Grum
 12111 | D:8      | Killed Grum
 12111 | D:8      | Reached ** piety under Sif Muna
 12844 | Lair:1   | Entered Level 1 of the Lair of Beasts
 12924 | Lair:1   | Noticed a four-headed hydra
 12937 | Lair:1   | Learned a level 4 spell: Ice Form
 13018 | Lair:1   | Killed a four-headed hydra
 13018 | Lair:1   | Reached skill level 9 in Spellcasting
 13018 | Lair:1   | Reached skill level 7 in Transmutations
 13263 | Lair:1   | Reached XP level 11. HP: 24/54 MP: 20/25
 13465 | Lair:1   | Slain by a spiny frog

Vault maps used:
D:1:      sevenhm_arrival_forest_fort_large_2, grunt_decor_arrowhead,
          minmay_misc_feat_alley, serial_bayou_lagoon_b
D:2:      trog_hazing_becter
D:3:      gammafunk_wand_slinger, first_ration, uniq_natasha
D:4:      gup_sewer_entry_bowl, roderic_batcave, kennysheep_nub
D:5:      serial_shops, shop_fountains, shop, shop, shop, shop
D:6:      marbit_many_paths, minitemple, minmay_temple_entry_overgrown,
          serial_shops, shop, uniq_duvessa
D:7:      old_forge, grunt_ogre_cave, minivault_22, minmay_misc_feat_roman,
          minmay_holes, uniq_crazy_yiuf_cottage
D:8:      lair_entry_dummy, serial_ice, serial_ice_l, serial_ice_f,
          serial_ice_h, serial_ice_c, chequers_ossuary_entry_cave,
          wad_floor_pattern_untrapped, uniq_grum, uniq_psyche
Temple:   minmay_temple_bridge_d
Lair:1:   minmay_lair_oklob_items, serial_bayou_pond_b, st_stairs_13,
          grunt_megastairs_4, serial_bayou_shore_a

Skill      XL: |  1  2  3  4  5  6  7  8  9 10 |
---------------+-------------------------------+-----
Spellcasting   | 3 4 5 6 7 8 9 |  9.6
Poison Magic   | 4 5 6 |  6.4
Crossbows      | 2 4 5 |  5.5
Fighting       | 2 4 |  4.5
Dodging        | 5 7 8 |  8.7
Invocations    | 1 |  1.1
Transmutations | 6 7 |  7.9
Unarmed Combat | 2 6 |  6.5
Stealth        | |  3.0
Conjurations   | |  0.6

Action                   |  1- 3 |  4- 6 |  7- 9 | 10-12 || total
-------------------------+-------+-------+-------+-------++-------
Melee: Mace              |     5 |    32 |       |       ||    37
       Whip              |       |    92 |   119 |    61 ||   272
       Unarmed           |       |       |    10 |    59 ||    69
       Punch             |       |       |       |     3 ||     3
 Fire: Arbalest          |       |       |   123 |    36 ||   159
 Cast: Sting             |    49 |    34 |     1 |       ||    84
       Poisonous Vapours |     9 |    56 |    47 |    37 ||   149
       Olgreb's Toxic Ra |       |     3 |    11 |     4 ||    18
       Mephitic Cloud    |       |       |     6 |     4 ||    10
       Blade Hands       |       |       |     1 |    11 ||    12
       Sticks to Snakes  |       |       |       |    16 ||    16
Invok: Divine Energy     |       |       |       |     1 ||     1
 Abil: End Transformatio |       |       |       |     1 ||     1
Evoke: Wand              |       |       |     9 |       ||     9
  Use: Scroll            |       |     4 |     9 |       ||    13
       Potion            |       |       |       |     2 ||     2
 Stab: Sleeping          |       |     5 |     2 |       ||     7
       Distracted        |       |     1 |       |     1 ||     2
       Confused          |       |       |       |     1 ||     1
  Eat: Ration            |       |     2 |     3 |     2 ||     7
Armor: Robe              |     4 |    32 |     6 |     7 ||    49
Dodge: Dodged            |    21 |   221 |   180 |   206 ||   628

Table legend:
 A = Spawn XP
 B = Non-spawn XP
 C = Spawn XP percentage of total XP
 D = Spawn monster count
 E = Non-spawn monster count
 F = Spawn count percentage of total count
 G = Total turns spent on level
                    A         B        C        D         E        F      G
               +---------+---------+-------+---------+---------+-------+---------
         Total |       0 |   11285 |   0.0 |       0 |     229 |   0.0 | 13465
               +---------+---------+-------+---------+---------+-------+---------
           D:1 |       0 |      35 |   0.0 |       0 |      14 |   0.0 |  1544
           D:2 |       0 |      84 |   0.0 |       0 |      22 |   0.0 |  1377
           D:3 |       0 |     229 |   0.0 |       0 |      30 |   0.0 |  1118
           D:4 |       0 |     510 |   0.0 |       0 |      39 |   0.0 |  1877
           D:5 |       0 |     513 |   0.0 |       0 |      12 |   0.0 |  1070
           D:6 |       0 |    1676 |   0.0 |       0 |      19 |   0.0 |  1568
           D:7 |       0 |    1966 |   0.0 |       0 |      39 |   0.0 |  2260
           D:8 |       0 |    3893 |   0.0 |       0 |      43 |   0.0 |  1661
        Lair:1 |       0 |    2379 |   0.0 |       0 |      11 |   0.0 |   621
               +---------+---------+-------+---------+---------+-------+---------

Vault maps used:
D:1:      sevenhm_arrival_forest_fort_large_2, grunt_decor_arrowhead,
          minmay_misc_feat_alley, serial_bayou_lagoon_b
D:2:      trog_hazing_becter
D:3:      gammafunk_wand_slinger, first_ration, uniq_natasha
D:4:      gup_sewer_entry_bowl, roderic_batcave, kennysheep_nub
D:5:      serial_shops, shop_fountains, shop, shop, shop, shop
D:6:      marbit_many_paths, minitemple, minmay_temple_entry_overgrown,
          serial_shops, shop, uniq_duvessa
D:7:      old_forge, grunt_ogre_cave, minivault_22, minmay_misc_feat_roman,
          minmay_holes, uniq_crazy_yiuf_cottage
D:8:      lair_entry_dummy, serial_ice, serial_ice_l, serial_ice_f,
          serial_ice_h, serial_ice_c, chequers_ossuary_entry_cave,
          wad_floor_pattern_untrapped, uniq_grum, uniq_psyche
Temple:   minmay_temple_bridge_d
Lair:1:   minmay_lair_oklob_items, serial_bayou_pond_b, st_stairs_13,
          grunt_megastairs_4, serial_bayou_shore_a

Table legend:
 A = Turns spent in this place as a percentage of turns spent in the entire game.
 B = Non-inter-level travel turns spent in this place as a percentage of non-inter-level travel turns spent in the entire game.
 C = Inter-level travel turns spent in this place as a percentage of turns spent in this place.
 D = Turns resting spent in this place as a percentage of non-inter-level travel turns spent in this place.
 E = Turns spent auto-exploring this place as a percentage of non-inter-level travel turns spent in this place.
 F = Non-inter-level travel turns spent in this place divided by the number of levels of this place that you've seen.
                   A       B       C       D       E      F
               +-------+-------+-------+-------+-------+----------------------
         Total | 100.0 | 100.0 |   8.3 |  33.7 |  45.9 | 1235.0
       Dungeon |  92.6 |  93.2 |   7.8 |  33.8 |  46.0 | 1438.1
        Temple |   2.7 |   1.8 |  39.0 |   0.0 |  99.1 | 225.0
          Lair |   4.6 |   5.0 |   0.2 |  45.0 |  23.5 | 620.0
               +-------+-------+-------+-------+-------+----------------------

Table legend:
 A = Kills in this place as a percentage of kills in entire the game.
 B = Kills by you in this place as a percentage of kills by you in the entire game.
 C = Kills by friends in this place as a percentage of kills by friends in the entire game.
 D = Other kills in this place as a percentage of other kills in the entire game.
 E = Experience gained in this place as a percentage of experience gained in the entire game.
 F = Experience gained in this place divided by the number of levels of this place that you have seen.
                   A       B       C       D       E      F
               +-------+-------+-------+-------+-------+----------------------
         Total | 100.0 | 100.0 | 100.0 | 100.0 | 100.0 | 1128.5
       Dungeon |  95.2 |  95.1 | 100.0 | 100.0 |  78.9 | 1113.2
          Lair |   4.8 |   4.9 |   0.0 |   0.0 |  21.1 | 2379.0
               +-------+-------+-------+-------+-------+----------------------
